 Dungeon Crawl Stone Soup version 0.31-a0-1178-gc5c9b8f871 (webtiles) character file.

Game seed: 4065828379635064477

2537069 MackTheKnife the Shapeless Octopus (level 26, 199/199 HPs)
             Began as an Octopode Brigand on Dec 11, 2023.
             Was an Initiate of Gozag.
             Escaped with the Orb
             ... and 4 runes!
             The game lasted 01:23:31 (59066 turns).

MackTheKnife the Shapeless Octopus (OpBr)          Turns: 59066, Time: 01:23:31

Health: 199/199    AC: 23    Str: 33    XL:     26   Next: 71%
Magic:  23/23      EV: 59    Int: 17    God:    Gozag
Gold:   1116       SH:  8    Dex: 23    Spells: 23/25 levels left

rFire   + +          +
                       - Unarmed
rCold   + . .        J - melded +0 buckler
rNeg    + + +        (helmet currently unavailable)
rPois   ∞            e - brooch of Shielding {Spirit SH+8}
rElec   +            k - +4 ring of protection
rCorr   +            M - ring of the Rescuing Enemy {rF+ rN+ rCorr Str+5 Int-3}
SInv    +            c - +4 ring of protection
Will    +++..        y - ring of Usewu {rElec rN+ Will+ Int+4}
Stlth   ++           N - ring of Zywimm {Fly rPois rF+ Str+2 Slay+3}
HPRegen 0.53/turn    Q - ring "Qoehoss" {+Blink Dex+4 Slay+4 SInv Stlth+}
MPRegen 0.18/turn    B - ring "Atofei" {rElec Will+ rCorr Str+6 Int+3}
                     q - ring of the Open Hand {rF+ rC+ rN+ Str+3}

%: clarity, guardian spirit
@: storm-form, flying
A: cleaving, insubstantial, flying, almost no armour, amphibious, 8 rings,
(camouflage 1), (gelatinous body 1), (nimble swimmer 1), (tentacles),
(iridescent scales 1), clarity, deterioration 1
0: Orb of Zot
}: 4/15 runes: decaying, slimy, silver, gossamer
a: Blinkbolt, Begin Untransformation, Renounce Religion, Evoke Blink, Potion
Petition, Call Merchant, Bribe Branch


You escaped.
You worshipped Gozag.
Gozag was most pleased with you.
You were a lightning-filled tempest!
You visited 11 branches of the dungeon, and saw 53 of its levels.
You also visited: Desolation.

You collected 25910 gold pieces.
You spent 6167 gold pieces at shops.
You paid 18627 gold pieces to Gozag.


Innate Abilities, Weirdness & Mutations

You are a lightning-filled tempest!
Your electrical attacks strike out in all directions at once.
You are incredibly evasive.
Your insubstantial body is immune to petrification, constriction, and being set on fire You are flying.
Your armour is entirely melded.
You are incapable of wielding weapons or throwing items.
You cannot wear most types of armour.
You are amphibious.
You can wear up to eight rings at the same time.
You are immune to poison.
((Your skin changes colour to match your surroundings (Stealth+).))
((Your rubbery body absorbs attacks. (AC +1, EV +1)))
((You are camouflaged when in or above water. (Stealth+)))
((You have tentacles for arms and can constrict up to eight enemies at once.))
((You are partially covered in iridescent scales. (AC +2)))
You possess an exceptional clarity of mind.
Your body sometimes deteriorates upon taking damage.


   Skills:
 + Level 21.1 Fighting
 - Level 2.0 Short Blades
 - Level 2.0 Throwing
 - Level 23.2 Dodging
 - Level 5.3 Stealth
 - Level 5.0 Shields
 - Level 24.6 Unarmed Combat
 - Level 4.0 Transmutations
 - Level 5.0 Evocations
 O Level 27 Shapeshifting


You had 23 spell levels left.
You knew the following spells:

 Your Spells              Type           Power      Damage    Failure   Level
a - Wereblood             Tmut           13%        N/A       7%          2

Your spell library contained the following spells:

 Spells                   Type           Power      Damage    Failure   Level
 Sting                    Tmut/Pois      24%        1d4       11%         1
 Passwall                 Tmut/Erth      5%         N/A       16%         2
 Apportation              Tloc           0%         N/A       24%         1
 Foxfire                  Conj/Fire      0%         2x1d4     24%         1
 Kiss of Death            Conj/Necr      0%         2d5       24%         1
 Magic Dart               Conj           0%         1d3       24%         1
 Necrotise                Necr           0%         1d4       24%         1
 Sandblast                Erth           0%         2d4       24%         1
 Shock                    Conj/Air       0%         1d3       24%         1
 Summon Small Mammal      Summ           0%         N/A       24%         1
 Blink                    Tloc           0%         N/A       34%         2
 Call Imp                 Summ           0%         N/A       34%         2
 Cigotuvi's Dreadful Rot  Necr/Pois/Air  0%         N/A       34%         2
 Jinxbite                 Hex            0%         N/A       34%         2
 Lesser Beckoning         Tloc           0%         N/A       34%         2
 Momentum Strike          Conj/Tloc      0%         3d8       34%         2
 Poisonous Vapours        Pois/Air       0%         N/A       34%         2
 Scorch                   Fire           0%         2d5       34%         2
 Searing Ray              Conj           0%         2d4       34%         2
 Static Discharge         Conj/Air       0%         3-3/arc   34%         2
 Ignite Poison            Fire/Tmut/Pois 4%         N/A       38%         3
 Call Canine Familiar     Summ           0%         N/A       56%         3
 Confusing Touch          Hex            0%         N/A       56%         3
 Dazzling Flash           Conj/Hex       0%         N/A       56%         3
 Frozen Ramparts          Ice            0%         1d1       56%         3
 Gell's Gravitas          Tloc           0%         N/A       56%         3
 Inner Flame              Hex/Fire       0%         N/A       56%         3
 Mephitic Cloud           Conj/Pois/Air  0%         N/A       56%         3
 Ozocubu's Armour         Ice            0%         N/A       56%         3
 Stone Arrow              Conj/Erth      0%         3d7       56%         3
 Summon Guardian Golem    Hex/Summ       0%         N/A       56%         3
 Swiftness                Air            0%         N/A       56%         3
 Teleport Other           Tloc           0%         N/A       56%         3
 Vampiric Draining        Necr           0%         2d6       56%         3
 Volatile Blastmotes      Fire/Tloc      0%         2d10      56%         3
 Petrify                  Tmut/Erth      6%         N/A       71%         4
 Airstrike                Air            0%         2d(0-16)  93%         4
 Anguish                  Hex/Necr       0%         N/A       93%         4
 Brom's Barrelling Bould  Conj/Erth      0%         2d3       93%         4
 Dispel Undead            Necr           0%         3d6       93%         4
 Flame Wave               Conj/Fire      0%         2d4       93%         4
 Fulminant Prism          Conj/Hex       0%         3d5       93%         4
 Iskenderun's Mystic Bla  Conj/Tloc      0%         2d3       93%         4
 Leda's Liquefaction      Hex/Erth       0%         N/A       93%         4
 Manifold Assault         Tloc           0%         N/A       93%         4
 Olgreb's Toxic Radiance  Pois           0%         N/A       93%         4
 Sticky Flame             Conj/Fire      0%         2d3       93%         4
 Summon Lightning Spire   Summ/Air       0%         N/A       93%         4
 Vhi's Electric Charge    Tloc/Air       0%         N/A       93%         4
 Alistair's Intoxication  Tmut/Pois      4%         N/A       96%         5
 Irradiate                Conj/Tmut      3%         3d12      96%         5
 Yara's Violent Unravell  Hex/Tmut       3%         3d4       96%         5
 Agony                    Necr           0%         N/A       100%        5
 Arcjolt                  Conj/Air       0%         1d10      100%        5
 Borgnjor's Vile Clutch   Necr/Erth      0%         N/A       100%        5
 Fireball                 Conj/Fire      0%         3d3       100%        5
 Freezing Cloud           Conj/Ice/Air   0%         6-21      100%        5
 Iskenderun's Battlesphe  Conj           0%         2d6       100%        5
 Lee's Rapid Deconstruct  Erth           0%         3d4*      100%        5
 Metabolic Englaciation   Hex/Ice        0%         N/A       100%        5
 Silence                  Hex/Air        0%         N/A       100%        5
 Summon Mana Viper        Hex/Summ       0%         N/A       100%        5
 Bombard                  Conj/Erth      0%         9d1       100%        6
 Conjure Ball Lightning   Conj/Air       0%         3x3d6     100%        6
 Death Channel            Necr           0%         N/A       100%        6
 Dispersal                Tloc           0%         N/A       100%        6
 Eringya's Noxious Bog    Tmut/Pois      3%         4d6       100%        6
 Plasma Beam              Fire/Air       0%         2x1d10    100%        6
 Orb of Destruction       Conj           0%         9d5       100%        7
 Ozocubu's Refrigeration  Ice            0%         4d7       100%        7
 Spellforged Servitor     Conj/Summ      0%         N/A       100%        7
 Discord                  Hex            0%         N/A       100%        8
 Disjunction              Tloc           0%         N/A       100%        8
 Ignition                 Fire           0%         3d3       100%        8
 Maxwell's Capacitive Co  Air            0%         ∞         100%        8
 Polar Vortex             Ice            0%         N/A       100%        9
 Shatter                  Erth           0%         3d5*      100%        9
 Sublimation of Blood     Necr           Unusable   N/A       N/A         2
 Animate Armour           Summ/Erth      Unusable   N/A       N/A         4
 Simulacrum               Ice/Necr       Unusable   N/A       N/A         6

Inventory:

Hand Weapons
 m - the +5 short sword "Inoiddaw" {distort, Will+ Int+2 Dex-4, short}
   (You took it off a deep elf pyromancer on level 1 of the Elven Halls)

   Int+2:     It affects your intelligence (+2).
   Dex-4:     It affects your dexterity (-4).
   Will+:     It increases your willpower.
Armour
 p - a +2 hat
   (You found it on level 3 of the Depths)
 H - a +2 buckler
   (You took it off a deep elf knight on level 3 of the Elven Halls)
 J - a +0 buckler (melded)
   (You took it off a gnoll sergeant on level 9 of the Dungeon)
 O - a +1 hat of intelligence
   (You found it on level 13 of the Dungeon)
Jewellery
 c - a +4 ring of protection (on tentacle)
   (You bought it in a shop on level 14 of the Dungeon)
 e - the brooch of Shielding (around neck) {Spirit SH+8}
   (You bought it in a shop on level 10 of the Dungeon)

   [amulet of guardian spirit]

   Spirit:    It causes incoming damage to be divided between your reserves of
   health and magic.
   SH+8:      It affects your SH (+8).
 k - a +4 ring of protection (left tentacle)
   (You found it on level 2 of the Dungeon)
 l - a ring of flight
   (You found it on level 5 of the Dungeon)
 q - the ring of the Open Hand (on tentacle) {rF+ rC+ rN+ Str+3}
   (You took it off a vault warden on level 5 of the Vaults)

   [ring of protection from cold]

   Str+3:     It affects your strength (+3).
   rF+:       It protects you from fire.
   rC+:       It protects you from cold.
   rN+:       It protects you from negative energy.
 t - the ring "Puakhemp" {rElec rN+++ Str+2 Int-3 SInv}
   (You found it on level 5 of the Dungeon)

   [ring of see invisible]

   Str+2:     It affects your strength (+2).
   Int-3:     It affects your intelligence (-3).
   rElec:     It insulates you from electricity.
   rN+++:     It renders you almost immune to negative energy.
   SInv:      It lets you see invisible.
 y - the ring of Usewu (on tentacle) {rElec rN+ Will+ Int+4}
   (You bought it in a shop on level 10 of the Dungeon)

   [ring of willpower]

   Int+4:     It affects your intelligence (+4).
   rElec:     It insulates you from electricity.
   rN+:       It protects you from negative energy.
   Will+:     It increases your willpower.
 B - the ring "Atofei" (on tentacle) {rElec Will+ rCorr Str+6 Int+3}
   (You acquired it on level 1 of the Swamp)

   [ring of strength]

   Str+6:     It affects your strength (+6).
   Int+3:     It affects your intelligence (+3).
   rElec:     It insulates you from electricity.
   Will+:     It increases your willpower.
   rCorr:     It protects you from acid and corrosion.
 K - the ring of the Country {rElec rN+ rCorr Int+6 Dex+3}
   (You took it off a deep elf elementalist on level 3 of the Elven Halls)

   [ring of intelligence]

   Int+6:     It affects your intelligence (+6).
   Dex+3:     It affects your dexterity (+3).
   rElec:     It insulates you from electricity.
   rN+:       It protects you from negative energy.
   rCorr:     It protects you from acid and corrosion.
 M - the ring of the Rescuing Enemy (right tentacle) {rF+ rN+ rCorr Str+5 Int-3}
   (You found it on level 5 of the Pits of Slime)

   [ring of positive energy]

   Str+5:     It affects your strength (+5).
   Int-3:     It affects your intelligence (-3).
   rF+:       It protects you from fire.
   rN+:       It protects you from negative energy.
   rCorr:     It protects you from acid and corrosion.
 N - the ring of Zywimm (on tentacle) {Fly rPois rF+ Str+2 Slay+3}
   (You found it in the Desolation of Salt)

   [ring of flight]

   Str+2:     It affects your strength (+2).
   Slay+3:    It affects your accuracy & damage with ranged weapons and melee
   (+3).
   rF+:       It protects you from fire.
   rPois:     It protects you from poison Fly: It grants you flight.
 Q - the ring "Qoehoss" (on tentacle) {+Blink Dex+4 Slay+4 SInv Stlth+}
   (You bought it in a shop on level 10 of the Dungeon)

   [ring of slaying]

   Dex+4:     It affects your dexterity (+4).
   Slay+4:    It affects your accuracy & damage with ranged weapons and melee
   (+4).
   SInv:      It lets you see invisible.
   +Blink:    It lets you blink.
   Stlth+:    It makes you more stealthy.
 S - a ring of protection from fire
   (You found it on level 12 of the Dungeon)
 U - the ring of Roovigos {rCorr Str+4 Int+3}
   (You bought it in a shop on level 10 of the Dungeon)

   [ring of resist corrosion]

   Str+4:     It affects your strength (+4).
   Int+3:     It affects your intelligence (+3).
   rCorr:     It protects you from acid and corrosion.
Talismans
 P - a storm talisman (active)
   (You found it on level 5 of the Lair of Beasts)
Wands
 F - a wand of digging (16)
   (You found it on level 3 of the Elven Halls)
Scrolls
 b - 4 scrolls of blinking {!r}
 f - 3 scrolls of revelation
 j - 19 scrolls of teleportation {@r4}
 r - 9 scrolls of fear
 u - 4 scrolls of silence {!r}
 w - 6 scrolls of immolation {!r!r}
 x - 9 scrolls of enchant armour
 A - a scroll of summoning
 D - 2 scrolls of fog
 I - 10 scrolls of amnesia
 W - 2 scrolls of vulnerability {!r!r}
 Y - 6 scrolls of poison
Potions
 a - 2 potions of berserk rage {!q}
 d - 17 potions of curing {@q1}
 g - 7 potions of lignification {!q}
 h - 11 potions of heal wounds {@q2}
 i - 4 potions of ambrosia
 n - 11 potions of brilliance
 o - 16 potions of mutation {!q}
 s - 4 potions of might
 v - 11 potions of attraction {!q}
 z - 3 potions of cancellation
 E - 4 potions of enlightenment
 G - 2 potions of haste {@q3}
 L - 4 potions of magic
 T - 6 potions of invisibility
 V - 3 potions of resistance
Miscellaneous
 C - a lightning rod (4/4)
   (You bought it in a shop on level 1 of the Dungeon)

Dungeon Overview and Level Annotations

Branches:
Dungeon (15/15)            Temple (1/1) D:5            Lair (5/5) D:10
  Swamp (4/4) Lair:3       Spider (4/4) Lair:2        Slime (5/5) Lair:4
    Orc (2/2) D:11            Elf (3/3) Orc:2        Vaults (5/5) D:14
  Crypt (0/3) Vaults:3     Depths (4/4) D:15            Zot (5/5) Depths:4
Desolation (visited)

Altars:
Ashenzari
Dithmenos
Elyvilon
Fedhas
Gozag
Hepliaklqana
Kikubaaqudgha
Makhleb
Nemelex Xobeh
Okawaru
Qazlal
Ru
Sif Muna
Trog
Uskayaw
Vehumet
Wu Jian
Xom
Yredelemnul
Zin
The Shining One
Jiyva
Lugonu

Shops:
D:1 *   D:6 *   D:7 *   D:10 !=   D:11 *   D:14 =?   D:15 *   Orc:2 [[[
Elf:1 *[*[   Elf:2 !   Lair:2 ?   Spider:2 *   Vaults:1 (!   Vaults:2 !(
Vaults:3 :   Vaults:5 *   Depths:1 *=*?

Portals:
Hell: Depths:1 Depths:2 Depths:3 Depths:4
Abyss: Zot:3 Depths:3 Depths:4
Pandemonium: Depths:2 Depths:3
Ziggurat: Depths:3

Annotations:
D:4 Dowan; Duvessa; Sigmund
D:5 exclusions: orc, orc priest, orc warrior and orc wizard
D:9 Erolcha
D:13 1 transporter
Lair:1 exclusion: oklob plant
Swamp:4 2 transporters, Ricegish's ghost, adept GnFi
Orc:2 3 runed translucent doors, Hiworyng's ghost, journeyman DsEE
Elf:2 5 runed translucent doors
Vaults:4 3 runed translucent doors
Depths:1 3 runed translucent doors, Kuligiro's ghost, veteran DsWn

.###..#....#..#....########..)##.
.# #.^........####....[..........
.# #........###..#....######.....
####......###....#.)....(.##...#.
..##....###......#...............
..##..###........#..###.......#.#
..#####..§§§.≈≈..#### ######....#
...'.......≈§≈≈..###########...##
...'.....≈≈§≈≈≈1v#......>......##
...'.......§≈§≈..###########.....
..#####......≈≈[.# ######
......###........#
........###......################
..........###....#...............
####.....## ###..################
#.....# #### #.....#


You could see an Ice Fiend.


Message History

As you read the scroll of blinking {!r}, it crumbles to dust.
The sixfirhy misses you.
There is a staircase back to the Dungeon here. 😕 HP[+1]
The sixfirhy completely misses you.
You fly upwards.
Welcome back to the Dungeon!
There is a staircase to the Depths here. 😕 HP[+1] MP[+1] Unknown command.
What level of the Dungeon? (default 1, ? - help)
Okay, then.
You blast the sixfirhy!!!!
You kill the sixfirhy!
You now have 1116 gold pieces (gained 7). 😕 HP[+1] 😕 HP[+1]
An angel comes into view. It is wielding a +1 whip of holy wrath.
There is a stone staircase leading up here. 😕 HP[+16] MP[+3]
You regained 16 hp, and now have 190/199 hp.
Your mp is fully restored (23).
Unknown command. 😕 HP[+1]
You block the angel's attack. The angel completely misses you.
You batter the angel!! You block the angel's attack.
The angel completely misses you. 😕 HP[+1]
You blast the angel!!!
Your punch misses the angel. The angel completely misses you. x2
You blast the angel!!!!
You kill the angel!
No target in view! 😕 HP[+1]
There is a stone staircase leading up here.
You fly upwards.
There is a stone staircase leading down here. 😕 HP[+2]
You regained 2 hp, and now have 195/199 hp.
What level of the Dungeon? (default 1, ? - help)
There is a stone staircase leading up here.
You fly upwards.
Level annotation: 1 transporter
There is a stone staircase leading down here.
There is a stone staircase leading up, spattered with blood here.
You fly upwards.
There is a stone staircase leading down here.
There is a stone staircase leading up here.
You fly upwards.
There is a stone staircase leading down here.
There is a stone staircase leading up here.
You fly upwards.
There is a stone staircase leading down here.
A tormentor comes into view.
There is a stone staircase leading up here. 😎 HP[+4]
Your hp is fully restored (199).
You batter the tormentor!!
You blast the tormentor!!!
You kill the tormentor!
You fly upwards.
Level annotation: Erolcha
There is a stone staircase leading down here.
Things that are here:
a +0 ring mail; a +0 hand axe {axe}
There is a stone staircase leading up here.
You fly upwards.
There is a stone staircase leading down here.
You see here a +0 mace {mace}.
There is a stone staircase leading up here.
You fly upwards.
There is a stone staircase leading down here.
There is a stone staircase leading up here.
You fly upwards.
There is a stone staircase leading down here.
There is a stone staircase leading up here.
You fly upwards.
Level annotation: exclusions: orc, orc priest, orc warrior and orc wizard
There is a stone staircase leading down here.
There is a stone staircase leading up here.
You fly upwards.
Level annotation: Dowan, Duvessa, Sigmund
There is a stone staircase leading down here.
There is a shaft here.
There is a shaft here.
An Orb Guardian comes into view.
There is a stone staircase leading up here.
Unknown command.
You fly upwards.
There is a stone staircase leading down here.
Unknown command.
There is a stone staircase leading up here.
You fly upwards.
There is a stone staircase leading down here.
You see here a +0 short sword {short}.
There is a stone staircase leading up here.
You fly upwards.
There is a stone staircase leading down here.
There is an open gate here.
There is a staircase leading out of the dungeon here.
You have escaped!

Skill      XL: |  1  2  3  4  5  6  7  8  9 10 11 12 13 14 15 16 17 18 19 20 21 22 23 24 25 26 |
---------------+-------------------------------------------------------------------------------+-----
Unarmed Combat | 1 2 3 5 6 8 10 12 15 18 21 24 | 24.6
Fighting       | 3 4 5 7 8 11 13 16 17 18 20 21 | 21.1
Dodging        | 3 6 9 10 11 14 17 20 23 | 23.2
Evocations     | 5 |  5.0
Shields        | 5 |  5.0
Shapeshifting  | 1 7 10 14 17 19 22 23 25 27 | 27.0
Transmutations | 4 |  4.0
Short Blades   | |  2.0
Throwing       | |  2.0
Stealth        | |  5.3

Action                     |  1- 3 |  4- 6 |  7- 9 | 10-12 | 13-15 | 16-18 | 19-21 | 22-24 | 25-27 || total
---------------------------+-------+-------+-------+-------+-------+-------+-------+-------+-------++-------
  Melee: Dagger            |    53 |    82 |    65 |       |       |       |       |       |       ||   200
         Constrict         |    11 |    15 |    39 |    79 |   162 |   211 |    81 |       |       ||   598
         Tentacles         |     8 |    29 |    35 |    92 |       |       |       |       |       ||   164
         Punch             |       |     3 |    14 |    31 |       |       |    46 |   147 |    66 ||   307
         Unarmed           |       |       |   107 |   482 |   753 |   928 |   858 |   813 |   404 ||  4345
  Throw: Dart              |       |       |     1 |     1 |       |       |       |       |       ||     2
   Cast: Wereblood         |       |       |       |       |       |     1 |     7 |     6 |     2 ||    16
 Invoke: Call Merchant     |       |       |       |     1 |     1 |     3 |     1 |     4 |       ||    10
         Potion Petition   |       |       |       |       |       |       |     1 |     1 |     4 ||     6
         Bribe Branch      |       |       |       |       |       |       |       |       |     1 ||     1
  Evoke: Wand              |       |       |    11 |    28 |     2 |       |     3 |       |     1 ||    45
         Lightning rod     |       |       |     5 |    12 |     5 |     7 |     1 |       |       ||    30
    Use: Scroll            |     4 |     3 |    11 |    12 |    15 |     3 |     5 |     2 |    17 ||    72
         Potion            |       |     1 |     5 |     8 |     6 |       |     1 |       |    13 ||    34
   Stab: Sleeping          |    16 |     4 |     8 |     6 |    13 |    21 |    34 |    12 |     5 ||   119
         Distracted        |       |     1 |     2 |     6 |     7 |    20 |    10 |    17 |     7 ||    70
         Invisible         |       |       |     2 |    12 |       |       |       |       |       ||    14
         Paralysed         |       |       |       |       |       |       |       |       |     3 ||     3
 Armour: Skin              |     7 |    33 |   128 |   278 |   467 |   631 |   375 |   113 |    75 ||  2107
  Dodge: Dodged            |    15 |    36 |   126 |   245 |   370 |   511 |   451 |   544 |   284 ||  2582
  Block: Buckler           |       |       |       |    64 |       |       |       |       |       ||    64
         Other             |       |       |       |    31 |   204 |   236 |   163 |   127 |    67 ||   828
   Form: Serpent           |       |       |       |     1 |       |     1 |       |       |       ||     2
                           |       |       |       |       |       |     1 |       |       |       ||     1
         Storm             |       |       |       |       |       |       |     1 |       |       ||     1

Levels and vault maps discovered:
D:1:      lemuel_arrival_funnel, layout_rooms,
          shapermc_ecumenical_altar_notcrosses, serial_shops, shop, st_stairs_8
D:2:      layout_loops_ring, minmay_goblin_kobold_house
D:3:      layout_basic, kiku_gazebo_pond_becter, nzn_wu_jian_contemplation
D:4:      layout_basic, mainiacjoe_overflow_six_doors_small, minitemple,
          nicolae_wormholes, uniq_duvessa, uniq_sigmund
D:5:      layout_loops_corners, mainiacjoe_overflow_alcove_1, zin_academy,
          minmay_temple_entry_stoned_glass, guppyfry_early_orc_mine,
          uniq_prince_ribbit1
D:6:      layout_basic, nicolae_shop_gadgets
D:7:      layout_rooms, nicolae_gozag_zags_fifth_avenue, elyvilon_altar_4,
          minivault_24
D:8:      layout_cave_pools, kennysheep_mini, serial_shops,
          nicolae_shop_drivethru, minmay_fountain_box
D:9:      layout_layer_cave, overflow_temple_1_default, uniq_erolcha,
          uniq_joseph, uniq_harold
D:10:     layout_loops_ring, amcnicky_altar_gilded, david_lair_generic,
          serial_library_hellmonk_open_square, hangedman_decor_clover_reticule
D:11:     layout_layer_cave, orc_0_dummy, serial_shops, shop,
          statue_in_the_mist_lemuel, corexii_leaking_fountain, nicolae_titane,
          uniq_grum
D:12:     layout_stronghold, serial_bayou_pond_d, kb_rosetta
D:13:     gammafunk_the_bubble [the_bubble_gammafunk_roulette],
          layout_cave_pools
D:14:     layout_cave_pods, grunt_vaults_entry_tiered,
          nicolae_nh_oracle_at_delphi
D:15:     hangedman_depths_entry_try_elsewhere_first, layout_cave_pools,
          nicolae_vehumet_radiance, nicolae_shop_overcharged_wands
Temple:   chequers_temple_sunken
Lair:1:   layout_loops_ring, st_stairs_8, wad_woods_road_01, tgw_fedhas
Lair:2:   layout_hall_layers, spider_nest_entry_webs,
          infiniplex_staircase_pool_2, grunt_megastairs_3, serial_bayou_shore_a,
          lemuel_fruit_fields
Lair:3:   layout_roguey, nicolae_swamp_entry_splash_gauntlet,
          serial_bayou_shore_b, serial_bayou_shore_b
Lair:4:   layout_small_grid, slime_entry_2
Lair:5:   guppyfry_lair_end_dragon, layout_regular_city,
          hangedman_lair_caniforms_friends, guppyfry_lair_drakes,
          infiniplex_staircase_pool, uniq_sonja, uniq_nessos
Swamp:1:  layout_falls_marsh, evilmike_swamp_ruin_rubble_2
Swamp:2:  layout_falls_marsh, nicolae_swamp_feature_on_the_river_bank
Swamp:3:  nzn_winding_woodlands_small [nzn_winding_woodlands_5x15_jagged,
          nzn_winding_woodlands_center_triple_pond,
          nzn_winding_woodlands_5x15_sawtooth], layout_basic_swamp,
          nicolae_swamp_some_circles, kb_tengu_band
Swamp:4:  swamp, layout_basic_swamp, gammafunk_ghost_arena, uniq_mlioglotl
Spider:1: layout_spider_delve, nicolae_spider_solar_radiation, uniq_josephine
Spider:2: layout_spider_delve, nicolae_spider_wall_of_niches
Spider:3: layout_spider_delve, uniq_donald
Spider:4: grunt_spider_rune_circles, uniq_arachne, uniq_aizul
Slime:1:  layout_caves
Slime:2:  layout_caves, nicolae_slime_barrier
Slime:3:  layout_caves
Slime:4:  layout_caves
Slime:5:  slime_pit_nicolae_trefoil
Orc:1:    layout_caves, basic_altar
Orc:2:    st_orc_open, layout_caves, maelrawn_ghost_gauntlet_escape,
          uniq_jorgrun
Elf:1:    minmay_elf_arrival_plus, layout_geoelf_grid,
          nicolae_elf_shapeshifter_party, minmay_shoptagon
Elf:2:    elven_hall_of_blades_hangedman_alternative [nicolae_blade_bullseye],
          layout_geoelf_grid, serial_shops, nicolae_shop_industrial_runoff,
          nicolae_elf_blasts_and_bolts
Elf:3:    minmay_elf_hall_four_x, layout_loops_ring, uniq_zenata
Vaults:1: v_misc_19, v_rooms_4, v_pattern_2, nicolae_vaults_tetromino_L_2,
          nicolae_vaults_shipping_containers_6,
          ontoclasm_vaults_decontamination, v_alt_pattern_3,
          nicolae_vaults_trapezoid_3, ontoclasm_vaults_loading_screen,
          ontoclasm_vaults_idyll, nicolae_vaults_taking_the_gang_shopping,
          ontoclasm_vaults_chip, nicolae_vaults_trapezoid_lopsided_1,
          layout_vaults_omnibox, serial_shops, shop, uniq_nikola
Vaults:2: nicolae_vaults_ring_of_whatevers, serial_ice_g, v_misc_29,
          grunt_vaults_funnel, vaults_dpeg_ring, v_misc_2, grunt_vaults_focal,
          layout_vaults_big_room, serial_shops, shop, uniq_bai_suzhen
Vaults:3: portal_desolation_entry_nicolae_nacl, nicolae_vaults_meiosis,
          ontoclasm_vaults_ring_large, nicolae_vaults_more_shelving_2,
          v_pattern_3, nicolae_vaults_asterisk, grunt_vaults_hallway_short,
          nicolae_vaults_mini_display_case, ontoclasm_vaults_chip,
          nicolae_vaults_surprise_closet_hard, nicolae_vaults_tetromino_Z_1,
          layout_vaults_omnigrid, serial_shops, nicolae_book_shop_shelving,
          uniq_xtahua, uniq_asterion
Vaults:4: gammafunk_ghost_spectres, ontoclasm_vaults_gateway,
          nicolae_vaults_storage_room_doors, st_smaller_cells,
          nicolae_vaults_tangram_2, hangedman_vaults_variations,
          not_door_vault_mu, nicolae_vaults_rhombus_6,
          nicolae_vaults_network_periphery, vaults_room_pools,
          hangedman_vaults_stagger, vaults_room_stairs_pillars,
          layout_vaults_maze
Vaults:5: serial_shops
Depths:1: minmay_distorted_concentric_squares, layout_cave_pools,
          ebering_ghost_rock_garden, hangedman_abyss_or_decor_slice,
          grunt_metal_band, nicolae_concentric_dashed_squares_mild,
          minivault_22, nicolae_qazlal_scattered_showers, serial_bayou_shore_b
Depths:2: minmay_tri_box, layout_basic, minmay_misc_feat_square,
          hangedman_tar_grid_catacomb, pan_entry,
          infiniplex_staircase_hallway_doors, firewood_loft
Depths:3: radiant_caverns_b_rkd, hell_entry, pan_entry, abyss_entry
Depths:4: grunt_zot_entry_gee_three, layout_cave_pools, abyss_entry_flame_altar,
          hell_entry, eino_tiny_chamber
Zot:1:    layout_gridlike, skrybe_zot_glass_1, uniq_parghit
Zot:2:    layout_gridlike, lemuel_elevator
Zot:3:    layout_gridlike, regret_index_zotdec_icy_dp,
          amcnicky_altar_lugonu_corruption, grunt_megastairs_1
Zot:4:    layout_basic, grunt_megastairs_4
Zot:5:    layout_basic

Notes
Turn   | Place    | Note
-------+----------+-------------------------------------------
     0 | D:1      | MackTheKnife the Octopode Brigand began the quest for the
                  | Orb.
     0 | D:1      | Reached XP level 1. HP: 14/14 MP: 1/1
     0 | D:1      | magus.rc [v1.9.6]
    28 | D:1      | You add the spells Necrotise, Cigotuvi's Dreadful Rot and
                  | Simulacrum to your library.
    28 | D:1      | Got the Notes on Volcanic Misery
    85 | D:1      | Reached skill level 1 in Unarmed Combat
    85 | D:1      | Reached XP level 2. HP: 20/20 MP: 2/2
   208 | D:1      | Found Ikhlamoem's General Store.
   335 | D:1      | Found a faded altar of an unknown god.
   451 | D:1      | Bought a potion of heal wounds for 50 gold pieces
   853 | D:2      | Reached XP level 3. HP: 25/25 MP: 3/3
  1196 | D:2      | Reached skill level 3 in Fighting
  1196 | D:2      | Reached skill level 2 in Unarmed Combat
  1378 | D:3      | Found an ornate altar of the Wu Jian Council.
  1428 | D:3      | Found an ancient bone altar of Kikubaaqudgha.
  1783 | D:4      | You pick up a book of Party Tricks and begin reading...
  1783 | D:4      | You add the spells Apportation, Jinxbite and Alistair's
                  | Intoxication to your library.
  1968 | D:4      | Reached XP level 4. HP: 31/31 MP: 4/4
  1973 | D:4      | Noticed Duvessa
  1973 | D:4      | Noticed Dowan
  2029 | D:4      | Found a hide-covered altar of Uskayaw.
  2037 | D:4      | Found a bloodstained altar of Trog.
  2147 | D:4      | Identified the +4 scale mail of Woilofun {rElec Dex+3
                  | Slay+2}
  2183 | D:4      | Noticed Sigmund
  2188 | D:4      | Found a broken altar of Ashenzari.
  2202 | D:4      | Reached skill level 3 in Unarmed Combat
  2375 | D:4      | Reached XP level 5. HP: 36/36 MP: 5/5
  2474 | D:5      | Entered Level 5 of the Dungeon
  2478 | D:5      | Identified the ring "Puakhemp" {rElec rN+++ Str+2 Int-3
                  | SInv}
  2528 | D:5      | Reached skill level 4 in Unarmed Combat
  2641 | D:5      | Found a radiant altar of Vehumet.
  2648 | D:5      | Reached skill level 5 in Unarmed Combat
  2743 | D:5      | Noticed a phantom
  2799 | D:5      | Killed a phantom
  2800 | D:5      | Reached XP level 6. HP: 42/42 MP: 6/6
  2876 | D:5      | Found a staircase to the Ecumenical Temple.
  2885 | Temple   | Entered the Ecumenical Temple
  2933 | D:5      | Reached skill level 6 in Unarmed Combat
  2959 | D:5      | Noticed an orc warrior
  3061 | D:5      | Reached skill level 4 in Fighting
  3061 | D:5      | Reached XP level 7. HP: 43/48 MP: 4/7
  3132 | D:5      | Reached skill level 2 in Dodging
  3380 | D:5      | Found a glowing silver altar of Zin.
  3380 | D:5      | Noticed Prince Ribbit
  3388 | D:5      | Killed Prince Ribbit
  3389 | D:5      | Reached skill level 3 in Dodging
  3749 | D:6      | Found Zad Biast's Gadget Gallery.
  3760 | D:6      | You pick up a book of Necromancy and begin reading...
  3760 | D:6      | You add the spells Vampiric Draining and Agony to your
                  | library.
  3938 | D:6      | Reached XP level 8. HP: 54/54 MP: 8/8
  3992 | D:6      | Reached skill level 5 in Fighting
  3992 | D:6      | Reached skill level 2 in Evocations
  4081 | D:6      | Reached skill level 3 in Evocations
  4479 | D:7      | Reached skill level 4 in Evocations
  4498 | D:7      | You pick up a book of Changes and begin reading...
  4498 | D:7      | You add the spells Wereblood and Irradiate to your library.
  4542 | D:7      | Reached skill level 5 in Evocations
  4648 | D:7      | Found Gozag's Platinum Reserve.
  4652 | D:7      | Found an opulent altar of Gozag.
  4658 | D:7      | Became a worshipper of Gozag Ym Sagoz the Greedy
  4735 | D:7      | Reached skill level 7 in Unarmed Combat
  4761 | D:7      | Noticed a hornet
  4771 | D:7      | Killed a hornet
  4931 | D:7      | You pick up a book of Displacement and begin reading...
  4931 | D:7      | You add the spells Lesser Beckoning, Gell's Gravitas and
                  | Teleport Other to your library.
  5040 | D:7      | Reached skill level 8 in Unarmed Combat
  5062 | D:7      | Found a white marble altar of Elyvilon.
  5247 | D:8      | Found a transporter.
  5247 | D:8      | Found Amegh's Antique Weapon Boutique.
  5430 | D:7      | Reached XP level 9. HP: 24/61 MP: 4/9
  5770 | D:8      | Found a stormy altar of Qazlal.
  5823 | D:8      | Found a transporter.
  5935 | D:8      | Reached skill level 6 in Fighting
  6449 | D:3      | Reached skill level 9 in Unarmed Combat
  7136 | D:1      | Bought a lightning rod (4/4) for 400 gold pieces
  7421 | D:9      | You add the spells Blink and Manifold Assault to your
                  | library.
  7493 | D:9      | HP: 14/62 [spore (12)]
  7494 | D:9      | HP: 5/62 [poisoned by a killer bee]
  7805 | D:9      | Noticed Harold
  7815 | D:9      | Reached skill level 10 in Unarmed Combat
  7820 | D:9      | Killed Harold
  7821 | D:9      | Reached skill level 7 in Fighting
  7821 | D:9      | Reached XP level 10. HP: 66/71 MP: 10/10
  7821 | D:9      | Noticed Joseph
  7824 | D:9      | Killed Joseph
  7825 | D:9      | Reached skill level 11 in Unarmed Combat
  8275 | D:9      | Noticed Erolcha
  8605 | D:10     | Entered Level 10 of the Dungeon
  8619 | D:10     | Found a blossoming altar of Fedhas.
  8652 | D:10     | Noticed a two-headed ogre
  8656 | D:10     | Reached skill level 8 in Fighting
  9184 | D:9      | Reached skill level 12 in Unarmed Combat
  9377 | D:10     | Killed a two-headed ogre
  9378 | D:10     | Reached skill level 3 in Shields
  9554 | D:10     | Reached skill level 4 in Shields
  9839 | D:10     | magus.rc [v1.9.6]
  9923 | D:10     | Reached skill level 5 in Shields
  9923 | D:10     | Reached skill level 1 in Shapeshifting
  9982 | D:10     | Found a staircase to the Lair.
 10006 | D:10     | Reached XP level 11. HP: 71/77 MP: 11/11
 10039 | D:10     | Reached skill level 4 in Dodging
 10121 | D:10     | You pick up a book of Power and begin reading...
 10121 | D:10     | You add the spells Iskenderun's Battlesphere, Bombard and
                  | Spellforged Servitor to your library.
 10685 | Lair:1   | Entered Level 1 of the Lair of Beasts
 10690 | Lair:1   | Reached skill level 5 in Dodging
 10919 | Lair:1   | Reached skill level 6 in Dodging
 10940 | Lair:1   | Reached skill level 2 in Shapeshifting
 11246 | Lair:1   | Reached skill level 3 in Shapeshifting
 11295 | Lair:1   | Reached skill level 4 in Shapeshifting
 11548 | Lair:1   | Reached skill level 5 in Shapeshifting
 11548 | Lair:1   | HP: 18/77 [poisoned by a black mamba]
 11553 | Lair:1   | HP: 12/77 [poisoned by a black mamba]
 12140 | Lair:1   | You pick up a book of Displacement and begin reading...
 12194 | Lair:1   | Reached skill level 6 in Shapeshifting
 12369 | Lair:1   | Found a blossoming altar of Fedhas.
 12392 | Lair:1   | Reached skill level 7 in Shapeshifting
 12442 | Lair:1   | Noticed an oklob plant
 12680 | Lair:1   | HP: 15/77 [blink frog (12)]
 12690 | Lair:1   | HP: 24/115 [blink frog (8)]
 12691 | Lair:1   | Reached XP level 12. HP: 26/82 MP: 3/12
 12694 | Lair:1   | Reached skill level 8 in Shapeshifting
 13535 | Lair:1   | Reached skill level 9 in Shapeshifting
 13819 | D:10     | Bought the brooch of Shielding {Spirit SH+8} for 910 gold
                  | pieces
 13819 | D:10     | Found the brooch of Shielding {Spirit SH+8}
 14061 | Lair:2   | Found a hole to the Spider Nest.
 14138 | Lair:2   | You pick up a book of the Spheres and begin reading...
 14138 | Lair:2   | You add the spells Brom's Barrelling Boulder, Fireball,
                  | Conjure Ball Lightning and Orb of Destruction to your
                  | library.
 14435 | Lair:2   | Identified 2 scrolls of acquirement
 14435 | Lair:2   | Acquired a manual of Unarmed Combat
 14446 | Lair:2   | Acquired a manual of Unarmed Combat
 14580 | Lair:3   | Reached skill level 10 in Shapeshifting
 14857 | Lair:3   | Reached skill level 13 in Unarmed Combat
 15079 | Lair:3   | Reached skill level 14 in Unarmed Combat
 15304 | Lair:3   | Reached skill level 15 in Unarmed Combat
 15394 | Lair:3   | You are sucked into a shaft and drop 2 floors!
 15394 | Lair:5   | Entered Level 5 of the Lair of Beasts
 15394 | Lair:5   | Noticed a catoblepas
 15396 | Lair:5   | Noticed a catoblepas
 15399 | Lair:5   | Noticed a boulder beetle
 15404 | Lair:5   | Noticed a skyshark
 15404 | Lair:5   | Noticed a death yak
 15406 | Lair:5   | Noticed a death yak
 15406 | Lair:5   | Noticed an eight-headed hydra
 15408 | Lair:5   | Noticed a death yak
 15409 | Lair:5   | Noticed a death yak
 15463 | Lair:5   | HP: 18/98 [eight-headed hydra (7)]
 15468 | Lair:5   | Killed an eight-headed hydra
 15469 | Lair:5   | Reached XP level 13. HP: 21/88 MP: 6/13
 15558 | Lair:5   | Reached skill level 16 in Unarmed Combat
 15600 | Lair:5   | Noticed Sonja
 15603 | Lair:5   | Noticed Nessos
 16580 | Lair:4   | Reached skill level 9 in Fighting
 16580 | Lair:4   | Reached skill level 17 in Unarmed Combat
 16712 | Lair:4   | Found a viscous altar of Jiyva.
 16712 | Lair:4   | Found a staircase to the Slime Pits.
 17599 | Lair:3   | Found a staircase to the Swamp.
 18379 | D:11     | Reached skill level 10 in Fighting
 18470 | D:11     | Reached skill level 18 in Unarmed Combat
 18709 | D:11     | Found a staircase to the Orcish Mines.
 18742 | D:11     | Found Noocket's Assorted Antiques.
 19142 | D:10     | Bought the ring "Qoehoss" {+Blink Dex+4 Slay+4 SInv Stlth+}
                  | for 1472 gold pieces
 19233 | D:11     | Noticed Grum
 19237 | D:11     | Killed Grum
 19851 | Orc:1    | Entered Level 1 of the Orcish Mines
 20164 | Orc:2    | Entered Level 2 of the Orcish Mines
 20164 | Orc:2    | Found a staircase to the Elven Halls.
 20183 | Orc:2    | Reached skill level 11 in Fighting
 20183 | Orc:2    | Reached XP level 14. HP: 87/101 MP: 14/14
 20191 | Orc:1    | Reached skill level 19 in Unarmed Combat
 21177 | Orc:1    | Reached skill level 12 in Fighting
 21181 | Orc:1    | Reached skill level 20 in Unarmed Combat
 21422 | Orc:2    | Found Johoshru's Weapon Shoppe.
 21438 | Orc:2    | Noticed Jorgrun
 21451 | Orc:2    | Killed Jorgrun
 21610 | Orc:2    | Found Reon's Armour Shoppe.
 21616 | Orc:2    | Found Hemal's Antique Armour Shop.
 21628 | Orc:2    | Found Ucaen's Armour Emporium.
 22019 | Orc:2    | Found a runed translucent gate.
 22019 | Orc:2    | Found a runed translucent gate.
 22019 | Orc:2    | Found a runed translucent gate.
 22158 | Orc:2    | Noticed an orc warlord
 22185 | Orc:2    | Noticed Hiworyng's ghost (journeyman DsEE)
 22518 | D:10     | Bought 2 potions of heal wounds for 130 gold pieces
 22518 | D:10     | Bought a potion of heal wounds for 65 gold pieces
 22518 | D:10     | Bought a potion of heal wounds for 65 gold pieces
 22518 | D:10     | Bought a potion of invisibility for 104 gold pieces
 22519 | D:10     | Bought the ring of Roovigos {rCorr Str+4 Int+3} for 583
                  | gold pieces
 22628 | Lair:5   | Killed Nessos
 22952 | Lair:5   | Killed Sonja
 22953 | Lair:5   | Reached skill level 13 in Fighting
 22981 | Lair:5   | Reached skill level 21 in Unarmed Combat
 23003 | Lair:5   | Reached XP level 15. HP: 84/112 MP: 15/15
 23157 | Lair:5   | Reached skill level 14 in Fighting
 23516 | Lair:5   | You pick up a book of Air and begin reading...
 23516 | Lair:5   | You add the spells Shock, Swiftness and Airstrike to your
                  | library.
 24075 | Lair:5   | Reached skill level 15 in Fighting
 24474 | Lair:5   | Identified the +7 rapier of Conscience {protect, +Blink rF+
                  | Dex+3}
 25021 | D:12     | Reached skill level 7 in Dodging
 26333 | D:13     | Reached skill level 8 in Dodging
 26377 | D:13     | Reached skill level 16 in Fighting
 26534 | D:13     | Found a transporter.
 26536 | D:13     | Found a transporter.
 26558 | D:13     | Found a transporter.
 26583 | D:13     | Found a transporter.
 26602 | D:13     | Found a transporter.
 26813 | D:13     | Reached skill level 9 in Dodging
 26832 | D:13     | Reached XP level 16. HP: 82/124 MP: 16/16
 27142 | D:14     | Reached skill level 10 in Dodging
 27892 | D:14     | Found The Oracle's Delphic Readings.
 28102 | D:14     | Reached skill level 11 in Shapeshifting
 28225 | D:14     | Found a gate to the Vaults.
 28405 | D:14     | Bought a +4 ring of protection for 504 gold pieces
 28407 | D:14     | Bought a +4 ring of protection for 504 gold pieces
 28463 | D:15     | Entered Level 15 of the Dungeon
 28478 | D:15     | Found a staircase to the Depths.
 28540 | D:15     | Reached skill level 12 in Shapeshifting
 28636 | D:15     | Found Ekofypuh's Overcharged Wands.
 28695 | D:15     | You pick up a book of Sloth and begin reading...
 28695 | D:15     | You add the spells Frozen Ramparts, Petrify and Metabolic
                  | Englaciation to your library.
 29003 | D:15     | Found a radiant altar of Vehumet.
 29071 | D:15     | Reached skill level 13 in Shapeshifting
 29364 | Spider:1 | Entered Level 1 of the Spider Nest
 29364 | Spider:1 | Noticed Josephine
 29374 | Spider:1 | Killed Josephine
 29934 | Spider:1 | Reached skill level 14 in Shapeshifting
 29938 | Spider:1 | Reached XP level 17. HP: 84/129 MP: 9/17
 30400 | Spider:1 | You pick up a book of Storms and begin reading...
 30400 | Spider:1 | You add the spells Static Discharge and Summon Lightning
                  | Spire to your library.
 30816 | Spider:2 | Reached skill level 15 in Shapeshifting
 31247 | Spider:2 | You pick up a book of Necromancy and begin reading...
 32079 | Spider:2 | Identified the +3 robe of Bespelled Amelioration {Archmagi}
 32124 | Spider:2 | Bought a scroll of blinking for 97 gold pieces
 32266 | Spider:2 | Reached skill level 16 in Shapeshifting
 32417 | Spider:3 | Noticed Donald
 32722 | Spider:3 | Killed Donald
 33072 | Spider:3 | You pick up a book of the Warp and begin reading...
 33072 | Spider:3 | You add the spells Dispersal and Disjunction to your
                  | library.
 33148 | Spider:4 | Entered Level 4 of the Spider Nest
 33440 | Spider:4 | Reached skill level 17 in Shapeshifting
 33714 | Spider:4 | Reached XP level 18. HP: 135/135 MP: 0/18
 33984 | Spider:4 | Got a gossamer rune of Zot
 34453 | Spider:4 | Identified the serpent talisman "Paese" {rC+}
 34453 | Spider:4 | Noticed Aizul
 34467 | Spider:4 | Killed Aizul
 34468 | Spider:4 | Reached skill level 18 in Shapeshifting
 34724 | Spider:4 | Noticed Arachne
 34733 | Spider:4 | Killed Arachne
 35148 | Lair:2   | Bought a scroll of blinking for 75 gold pieces
 35148 | Lair:2   | Bought a scroll of fear for 40 gold pieces
 35148 | Lair:2   | Bought a scroll of fog for 40 gold pieces
 35148 | Lair:2   | Bought a scroll of fog for 40 gold pieces
 35221 | D:10     | Bought the ring of Usewu {rElec rN+ Will+ Int+4} for 722
                  | gold pieces
 35226 | D:10     | Learned a level 2 spell: Wereblood
 35226 | D:10     | magus.rc [v1.9.6]
 35227 | D:10     | magus.rc [v1.9.6]
 35331 | Swamp:1  | Entered Level 1 of the Swamp
 35366 | Swamp:1  | Reached skill level 1 in Transmutations
 35376 | Swamp:1  | Reached skill level 2 in Transmutations
 35509 | Swamp:1  | Reached skill level 3 in Transmutations
 35876 | Swamp:1  | Acquired the ring "Atofei" {rElec Will+ rCorr Str+6 Int+3}
 36017 | Swamp:2  | Reached skill level 4 in Transmutations
 36644 | Swamp:2  | You pick up a book of the Senses and begin reading...
 36644 | Swamp:2  | You add the spells Dazzling Flash and Silence to your
                  | library.
 36962 | Swamp:3  | Noticed a tentacled monstrosity
 36977 | Swamp:3  | Reached skill level 19 in Shapeshifting
 36980 | Swamp:3  | Killed a tentacled monstrosity
 37698 | Swamp:3  | Reached XP level 19. HP: 141/141 MP: 19/19
 37710 | Swamp:3  | You add the spells Sting, Freezing Cloud, Yara's Violent
                  | Unravelling and Eringya's Noxious Bog to your library.
 37710 | Swamp:3  | Got the Verses on the Serac and Configuration {@e2}
 37981 | Swamp:4  | Entered Level 4 of the Swamp
 38002 | Swamp:4  | Reached skill level 20 in Shapeshifting
 38016 | Swamp:4  | Noticed Mlioglotl
 38208 | Swamp:4  | Killed Mlioglotl
 38283 | Swamp:4  | Got a decaying rune of Zot
 38422 | Swamp:4  | Noticed a tentacled monstrosity
 38424 | Swamp:4  | Noticed Ricegish's ghost (adept GnFi)
 38424 | Swamp:4  | Noticed a tentacled monstrosity
 38472 | Swamp:4  | Found a transporter.
 38476 | Swamp:4  | Found a transporter.
 39148 | Vaults:1 | Entered Level 1 of the Vaults
 39256 | Vaults:1 | Reached skill level 21 in Shapeshifting
 39623 | Vaults:1 | You pick up a book of the Senses and begin reading...
 39682 | Vaults:1 | Found Roonarr Ewar's Weapon Shoppe.
 40717 | Vaults:1 | Reached skill level 22 in Shapeshifting
 40889 | Vaults:1 | Reached XP level 20. HP: 147/147 MP: 20/20
 40927 | Vaults:1 | Noticed Nikola
 40937 | Vaults:1 | Killed Nikola
 41113 | Vaults:1 | Found Lyikivi's Distillery.
 41121 | Vaults:1 | Bought a potion of haste for 160 gold pieces
 41121 | Vaults:1 | Bought a potion of might for 64 gold pieces
 41388 | Vaults:2 | Noticed Bai Suzhen
 41410 | Vaults:2 | Killed Bai Suzhen
 42416 | Vaults:2 | Reached skill level 23 in Shapeshifting
 42614 | Vaults:2 | Found Miloef's Antique Weapon Emporium.
 42947 | Vaults:2 | You pick up a book of Callings and begin reading...
 42947 | Vaults:2 | You add the spells Summon Small Mammal, Call Canine
                  | Familiar and Summon Guardian Golem to your library.
 43247 | Vaults:3 | Found a staircase to the Crypt.
 43292 | Vaults:3 | Found Utzydiu's Book Shoppe.
 43411 | Vaults:3 | Reached skill level 11 in Dodging
 43418 | Vaults:3 | Found a crumbling gateway.
 43425 | Desolati | Entered the Desolation of Salt
 43426 | Desolati | magus.rc [v1.9.6]
 43636 | Desolati | Reached skill level 17 in Fighting
 43728 | Desolati | Identified the +1 dagger "Qemonk" {vamp, rC- Int+3 Dex+2}
 43731 | Desolati | Identified the +5 scimitar of MackTheKnife's Peril {freeze,
                  | Dex+4}
 43735 | Desolati | Identified the ring "Locy" {rElec Dex+6 Stlth+}
 43738 | Desolati | You add the spells Arcjolt and Shatter to your library.
 43738 | Desolati | Got the Compendium of the Electric Fault
 43739 | Desolati | Identified the +5 sling of Ucig {elec, *Corrode rElec MP+9}
 43756 | Desolati | Identified the amulet "Diutys Zai" {Acrobat Str+4}
 43762 | Desolati | Identified the +1 chain mail of Boxinevar {^Drain rN++
                  | Str+3 Dex+4}
 43764 | Desolati | Identified the ring of Zywimm {Fly rPois rF+ Str+2 Slay+3}
 43842 | Desolati | Reached XP level 21. HP: 156/156 MP: 21/21
 43962 | Desolati | Reached skill level 12 in Dodging
 43996 | Desolati | Identified the +8 falchion of Makhleb's Inspiration {heavy,
                  | +Blink rN++ Int+3}
 43999 | Desolati | Identified the staff of Defilement {rC+ rN+ Tloc Ice
                  | Poison}
 44006 | Desolati | Got the Compilation of the Putrid Barrage
 44008 | Desolati | You add the spells Scorch and Inner Flame to your library.
 44008 | Desolati | Got Sif Muna's Omnibus of Wildfire
 44012 | Desolati | You add the spells Flame Wave and Borgnjor's Vile Clutch to
                  | your library.
 44012 | Desolati | Got the Parchment of the Mortuary Salamander
 44393 | Vaults:3 | magus.rc [v1.9.6]
 44396 | Vaults:3 | Noticed Xtahua
 44407 | Vaults:3 | Killed Xtahua
 44419 | Vaults:3 | Identified the +1 whip "Dyofi" {pain, Fly Str+3 Int+3}
 45118 | Vaults:3 | Noticed Asterion
 45132 | Vaults:3 | Killed Asterion
 45270 | Vaults:3 | Reached skill level 13 in Dodging
 45584 | Vaults:4 | You add the spells Anguish and Summon Mana Viper to your
                  | library.
 45584 | Vaults:4 | Got Sif Muna's Monograph on the Fetching Mesa
 45643 | Vaults:4 | Reached skill level 18 in Fighting
 45827 | Vaults:4 | Found a runed translucent gate.
 45827 | Vaults:4 | Found a runed translucent gate.
 45828 | Vaults:4 | Found a runed translucent gate.
 45982 | Vaults:4 | You pick up a book of Decay and begin reading...
 45982 | Vaults:4 | You add the spells Dispel Undead and Death Channel to your
                  | library.
 46195 | Vaults:4 | Reached skill level 14 in Dodging
 46246 | Vaults:4 | Found a huge runed gate.
 46246 | Vaults:4 | Found a huge runed gate.
 46246 | Vaults:4 | Found a huge runed gate.
 46267 | Vaults:4 | Found a huge runed gate.
 46276 | Vaults:4 | Found a huge runed gate.
 46276 | Vaults:4 | Found a huge runed gate.
 46290 | Vaults:4 | Found a huge runed gate.
 46291 | Vaults:4 | Found a huge runed gate.
 46291 | Vaults:4 | Found a huge runed gate.
 46291 | Vaults:4 | Found a huge runed gate.
 46297 | Vaults:4 | Found a huge runed gate.
 46297 | Vaults:4 | Found a huge runed gate.
 46297 | Vaults:4 | Found a huge runed gate.
 46297 | Vaults:4 | Found a huge runed gate.
 46297 | Vaults:4 | Found a huge runed gate.
 46297 | Vaults:4 | Found a huge runed gate.
 46298 | Vaults:4 | Found a huge runed gate.
 46299 | Vaults:4 | Found a huge runed gate.
 46300 | Vaults:4 | Found a huge runed gate.
 46308 | Vaults:4 | Found a huge runed gate.
 46308 | Vaults:4 | Found a huge runed gate.
 46308 | Vaults:4 | Found a huge runed gate.
 46308 | Vaults:4 | Found a huge runed gate.
 46308 | Vaults:4 | Found a huge runed gate.
 46308 | Vaults:4 | Found a huge runed gate.
 46309 | Vaults:4 | Found a huge runed gate.
 46310 | Vaults:4 | Found a huge runed gate.
 46311 | Vaults:4 | Found a huge runed gate.
 46319 | Vaults:4 | Found a huge runed gate.
 46319 | Vaults:4 | Found a huge runed gate.
 46319 | Vaults:4 | Found a huge runed gate.
 46319 | Vaults:4 | Found a huge runed gate.
 46319 | Vaults:4 | Found a huge runed gate.
 46319 | Vaults:4 | Found a huge runed gate.
 46320 | Vaults:4 | Found a huge runed gate.
 46321 | Vaults:4 | Found a huge runed gate.
 46387 | Vaults:4 | Noticed Nitziur's ghost (adept DrCj)
 46413 | Vaults:4 | Killed Nitziur's ghost
 46458 | Vaults:4 | Identified the +5 scale mail of Oble {Rampage rElec}
 46542 | Vaults:4 | You add the spells Magic Dart, Momentum Strike and
                  | Poisonous Vapours to your library.
 46542 | Vaults:4 | Got the Parchment of the Viridian Volley
 46626 | Vaults:5 | Entered Level 5 of the Vaults
 46632 | Vaults:5 | Noticed an ancient lich
 46643 | Vaults:5 | Reached XP level 22. HP: 167/167 MP: 19/22
 46645 | Vaults:5 | Reached skill level 19 in Fighting
 46658 | Vaults:5 | Killed an ancient lich
 46674 | Vaults:5 | Found Qainekk's Assorted Antiques.
 46682 | Vaults:5 | Reached skill level 15 in Dodging
 46682 | Vaults:5 | Noticed a golden dragon
 46691 | Vaults:5 | Killed a golden dragon
 46763 | Vaults:5 | Got Cyzejuerargh's Incunable of Oxidation and Last Rites
 46783 | Vaults:5 | You pick up a book of the Earth and begin reading...
 46783 | Vaults:5 | You add the spells Leda's Liquefaction and Lee's Rapid
                  | Deconstruction to your library.
 46858 | Vaults:5 | Identified the ring of the Open Hand {rF+ rC+ rN+ Str+3}
 46895 | Vaults:5 | Reached skill level 16 in Dodging
 46896 | Vaults:5 | Noticed a golden dragon
 46902 | Vaults:5 | Killed a golden dragon
 46903 | Vaults:5 | Reached skill level 20 in Fighting
 46920 | Vaults:5 | Identified the staff of Currency {rElec Dex+3 Air}
 47196 | Vaults:5 | Got a silver rune of Zot
 47207 | Vaults:5 | Identified the +0 spear of Feusa {spect, Int+4}
 47241 | Vaults:5 | You pick up a book of Geomancy and begin reading...
 47241 | Vaults:5 | You add the spells Sandblast, Passwall and Stone Arrow to
                  | your library.
 47261 | Vaults:5 | You pick up a book of Winter and begin reading...
 47325 | Vaults:5 | Identified the staff of Parts Unknown {*Corrode rF++ rN+
                  | Str+2 Necro}
 47343 | Vaults:5 | Reached skill level 17 in Dodging
 47460 | Vaults:5 | You pick up a book of Blasting and begin reading...
 47460 | Vaults:5 | You add the spells Volatile Blastmotes, Fulminant Prism and
                  | Iskenderun's Mystic Blast to your library.
 47666 | Vaults:5 | Identified the +7 great sword "Xasushra" {drain, ^Contam
                  | rPois rCorr Int+4}
 48168 | Vaults:5 | You pick up a book of Callings and begin reading...
 48498 | Elf:1    | Entered Level 1 of the Elven Halls
 48539 | Elf:1    | Reached XP level 23. HP: 176/176 MP: 23/23
 48733 | Elf:1    | Found Extumeaq's Assorted Antiques.
 48735 | Elf:1    | Found Xenud's Antique Armour Boutique.
 48735 | Elf:1    | Found Jegithrimm's General Store.
 48738 | Elf:1    | Found Juohul's Antique Armour Shop.
 48757 | Elf:1    | Reached skill level 18 in Dodging
 48855 | Elf:1    | Got the Anthology of Sculpting
 48868 | Elf:1    | Got the Meditations on the Unclean Boggart
 49381 | Elf:1    | Identified the +5 short sword "Inoiddaw" {distort, Will+
                  | Int+2 Dex-4}
 49610 | Elf:2    | Found a huge runed translucent gate.
 49610 | Elf:2    | Found a huge runed translucent gate.
 49610 | Elf:2    | Found a huge runed translucent gate.
 49610 | Elf:2    | Found a huge runed translucent gate.
 49610 | Elf:2    | Found a huge runed translucent gate.
 49677 | Elf:2    | Found Zecufe Mio's Distillery.
 49709 | Elf:2    | Reached skill level 19 in Dodging
 50147 | Elf:3    | Entered Level 3 of the Elven Halls
 50269 | Elf:3    | Noticed Zenata
 50279 | Elf:3    | Killed Zenata
 50324 | Elf:3    | You pick up a book of the Warp and begin reading...
 50619 | Elf:3    | Reached skill level 20 in Dodging
 50690 | Elf:3    | Identified the ring of the Country {rElec rN+ rCorr Int+6
                  | Dex+3}
 50846 | Elf:3    | You pick up a book of Ice and begin reading...
 50846 | Elf:3    | You add the spells Ozocubu's Refrigeration and Polar Vortex
                  | to your library.
 50937 | Elf:3    | Identified the +4 war axe "Akoshearch" {protect, rElec rF+
                  | Str+4}
 50942 | Elf:3    | Identified the staff of Income {Air Earth}
 50948 | Elf:3    | Identified the +8 longbow "Ryirios" {drain, rC++ Str-2}
 50954 | Elf:3    | Identified the staff of the Living Dead {rPois SInv Hexes
                  | Poison}
 50957 | Elf:3    | Identified the +0 sling "Sifoa" {speed, Int+2}
 50977 | Elf:3    | Found the +7 great mace "Undeadhunter" {deathbane, rN+}
 50983 | Elf:3    | Identified the +1 barding "Pedapaew" {rElec}
 50995 | Elf:3    | Identified the +8 war axe of Vitaol {elec, ^Drain rPois rC+
                  | MP+9}
 51000 | Elf:3    | Got Jomyeh's Octavo of Reshaped Superposition
 51001 | Elf:3    | Identified the +0 robe "Zeunolavuf" {rN+}
 51005 | Elf:3    | You add the spells Plasma Beam and Maxwell's Capacitive
                  | Coupling to your library.
 51005 | Elf:3    | Got the Volume of Topomancy and Ouranomancy
 51013 | Elf:3    | Identified the +7 halberd of Yvvaphe {speed, rC- Int+8
                  | Dex+4}
 51019 | Elf:3    | You pick up a book of Minor Magic and begin reading...
 51019 | Elf:3    | You add the spells Call Imp and Mephitic Cloud to your
                  | library.
 51467 | Depths:1 | Entered Level 1 of the Depths
 51515 | Depths:1 | Reached XP level 24. HP: 184/184 MP: 23/23
 51518 | Depths:1 | Noticed a juggernaut
 51527 | Depths:1 | Killed a juggernaut
 51673 | Depths:1 | You add the spells Olgreb's Toxic Radiance, Ignition and
                  | Discord to your library.
 51738 | Depths:1 | Bought a scroll of blinking for 142 gold pieces
 51843 | Depths:1 | Noticed a caustic shrike
 51845 | Depths:1 | Noticed a caustic shrike
 51849 | Depths:1 | Noticed a caustic shrike
 51849 | Depths:1 | Noticed a caustic shrike
 51850 | Depths:1 | Noticed a caustic shrike
 51855 | Depths:1 | Killed a caustic shrike
 51856 | Depths:1 | Reached skill level 22 in Unarmed Combat
 51856 | Depths:1 | Killed a caustic shrike
 51859 | Depths:1 | Killed a caustic shrike
 51860 | Depths:1 | Killed a caustic shrike
 51866 | Depths:1 | Killed a caustic shrike
 51867 | Depths:1 | Reached skill level 21 in Dodging
 52017 | Depths:1 | Found a runed translucent gate.
 52017 | Depths:1 | Found a runed translucent gate.
 52017 | Depths:1 | Found a runed translucent gate.
 52021 | Depths:1 | Found a gateway to Hell.
 52035 | Depths:1 | Noticed Kuligiro's ghost (veteran DsWn)
 52273 | Depths:1 | Found a stormy altar of Qazlal.
 52642 | Depths:2 | Found a one-way gate leading to the halls of Pandemonium.
 52850 | Depths:2 | You pick up a book of Air and begin reading...
 53279 | Depths:2 | Reached skill level 23 in Unarmed Combat
 53683 | Depths:3 | Reached skill level 22 in Dodging
 54249 | Depths:3 | Reached skill level 24 in Unarmed Combat
 54290 | Depths:3 | Reached skill level 23 in Dodging
 54496 | Depths:3 | You pick up a book of Touch and begin reading...
 54496 | Depths:3 | You add the spells Kiss of Death and Confusing Touch to
                  | your library.
 54606 | Depths:3 | Found a one-way gateway to a ziggurat.
 54776 | Depths:3 | Found a one-way gate to the infinite horrors of the Abyss.
 54782 | Depths:3 | Identified the +4 flail of Uluph {heavy, Fly rC- rN+}
 54819 | Depths:3 | Identified the +5 shortbow of the Eight Souls {freeze,
                  | Str+3}
 54826 | Depths:3 | Got the Papyrus of Intimidation
 54910 | Depths:4 | Entered Level 4 of the Depths
 54956 | Depths:4 | Reached XP level 25. HP: 190/190 MP: 23/23
 55113 | Depths:4 | Found a gate to the Realm of Zot.
 55282 | Depths:4 | Reached skill level 21 in Fighting
 55579 | Depths:4 | Found a corrupted altar of Lugonu.
 55946 | Slime:1  | Entered Level 1 of the Pits of Slime
 55991 | Slime:1  | Gained mutation: You sometimes lose your temper in combat.
                  | [a shining eye]
 56018 | Slime:1  | Reached skill level 24 in Shapeshifting
 56023 | Slime:1  | Lost mutation: You sometimes lose your temper in combat.
                  | [potion of mutation]
 56023 | Slime:1  | Gained mutation: Your body sometimes deteriorates upon
                  | taking damage. [potion of mutation]
 56023 | Slime:1  | Gained mutation: Your skin blends seamlessly with your
                  | surroundings (Stealth++). [potion of mutation]
 56023 | Slime:1  | Gained mutation: Your system is resistant to poisons.
                  | (rPois) [potion of mutation]
 56137 | Slime:2  | You are sucked into a shaft and drop 2 floors!
 56218 | Slime:5  | Entered Level 5 of the Pits of Slime
 56251 | Slime:5  | Noticed the Royal Jelly
 56265 | Slime:5  | Killed the Royal Jelly
 56270 | Slime:5  | Gained mutation: You occasionally lose the ability to drink
                  | potions when taking damage. [a shining eye]
 56272 | Slime:5  | HP: 46/192 [acid blob/splash of acid[the Royal Jelly] (14)]
 56276 | Slime:5  | HP: 13/192 [acid blob[the Royal Jelly] (34)]
 56766 | Slime:5  | Identified the +4 shortbow "Kuepp" {elec, rC+ Str+4 Stlth+}
 56781 | Slime:5  | Got a slimy rune of Zot
 56825 | Slime:5  | Identified the ring of the Rescuing Enemy {rF+ rN+ rCorr
                  | Str+5 Int-3}
 56845 | Slime:5  | You pick up a book of Conjurations {@e2} and begin
                  | reading...
 56851 | Slime:5  | You pick up a book of Blasting and begin reading...
 56864 | Slime:5  | Found the +5 Lochaber axe {reach-cleave, Poleaxe ^Drain}
 56872 | Slime:5  | Identified the +11 broad axe of Extinguishment {heavy,
                  | ^Fragile rPois Will++ Str+3}
 56880 | Slime:5  | You pick up a book of Lightning and begin reading...
 56922 | Slime:5  | Gained mutation: Your health recovers twice as slowly from
                  | being drained. [a shining eye]
 57055 | Slime:4  | Lost mutation: Your system is resistant to poisons. (rPois)
                  | [potion of mutation]
 57055 | Slime:4  | Lost mutation: Your body sometimes deteriorates upon taking
                  | damage. [potion of mutation]
 57055 | Slime:4  | Lost mutation: Your skin blends seamlessly with your
                  | surroundings (Stealth++). [potion of mutation]
 57055 | Slime:4  | Gained mutation: You occasionally shout uncontrollably at
                  | your foes. [potion of mutation]
 57055 | Slime:4  | Gained mutation: You possess an exceptional clarity of
                  | mind. [potion of mutation]
 57056 | Slime:4  | Lost mutation: You occasionally lose the ability to drink
                  | potions when taking damage. [potion of mutation]
 57056 | Slime:4  | Lost mutation: Your health recovers twice as slowly from
                  | being drained. [potion of mutation]
 57056 | Slime:4  | Lost mutation: You occasionally shout uncontrollably at
                  | your foes. [potion of mutation]
 57056 | Slime:4  | Gained mutation: You are partially covered in iridescent
                  | scales. (AC +2) [potion of mutation]
 57413 | Zot:1    | Entered Level 1 of the Realm of Zot
 57450 | Zot:2    | Reached skill level 25 in Shapeshifting
 57528 | Zot:3    | Found a corrupted altar of Lugonu.
 57774 | Zot:5    | Entered Level 5 of the Realm of Zot
 57778 | Zot:5    | Reached XP level 26. HP: 199/199 MP: 23/23
 57857 | Zot:5    | Noticed an ancient lich
 57868 | Zot:5    | Noticed an ancient lich
 57868 | Zot:5    | Noticed a dread lich
 57873 | Zot:5    | Noticed a dread lich
 57876 | Zot:5    | Noticed an ancient lich
 57880 | Zot:5    | Noticed an orb of fire
 57885 | Zot:5    | Killed an ancient lich
 57891 | Zot:5    | Noticed an ancient lich
 57891 | Zot:5    | Killed an ancient lich
 57892 | Zot:5    | Reached skill level 26 in Shapeshifting
 57892 | Zot:5    | Noticed a dread lich
 57892 | Zot:5    | Killed a dread lich
 57894 | Zot:5    | Noticed a curse toe
 57900 | Zot:5    | Killed an orb of fire
 57904 | Zot:5    | Killed an ancient lich
 57905 | Zot:5    | Killed a curse toe
 57913 | Zot:5    | Killed an ancient lich
 57984 | Zot:5    | Noticed a Killer Klown
 57988 | Zot:5    | Killed a Killer Klown
 58355 | Zot:5    | Noticed an electric golem
 58374 | Zot:5    | Killed an electric golem
 58502 | Zot:5    | Noticed an ancient lich
 58503 | Zot:5    | Noticed an orb of fire
 58505 | Zot:5    | Noticed an ancient lich
 58511 | Zot:5    | Killed an ancient lich
 58512 | Zot:5    | Reached skill level 27 in Shapeshifting
 58512 | Zot:5    | Noticed a Killer Klown
 58514 | Zot:5    | Got the Orb of Zot
 58514 | Zot:5    | Gained mutation: Your body sometimes deteriorates upon
                  | taking damage. [an orb of fire]
 58550 | Zot:5    | Noticed Firch the pandemonium lord
 59066 | D:$      | Escaped with the Orb!

Vanquished Creatures
  the Royal Jelly (Slime:5)
  An orb of fire (Zot:5)
  5 ancient liches
  A juggernaut (Depths:1)
  Bai Suzhen (Vaults:2)
  A Killer Klown (Zot:5)
  Xtahua (Vaults:3)
  A curse toe (Zot:5)
  3 golden dragons
  Nikola (Vaults:1)
  5 caustic shrikes (Depths:1)
  The ghost of Nitziur the Eclecticist, an adept DrCj of Vehumet (Vaults:4)
  A bone dragon (Depths:4)
  Arachne (Spider:4)
  Zenata (Elf:3)
  10 tentacled monstrosities
  Jorgrun (Orc:2)
  An electric golem (Zot:5)
  20 Orb Guardians
  2 quicksilver dragons
  2 liches
  Mlioglotl (Swamp:4)
  A deep elf master archer (Elf:3)
  Asterion (Vaults:3)
  4 deep elf blademasters (Elf:3)
  18 acid blobs
  3 sphinxes
  7 storm dragons
  13 tengu reavers
  4 death cobs
  A draconian monk (Zot:1)
  A fenstrider witch (shapeshifter) (Depths:3)
  3 thorn hunters
  3 shadow dragons
  Donald (Spider:3)
  7 rockslimes
  A revenant (Vaults:4)
  4 draconian knights (Zot:5)
  Aizul (Spider:4)
  7 azure jellies
  A frost giant (shapeshifter) (Depths:3)
  7 fire giants
  8 emperor scorpions
  4 iron dragons (Vaults:5)
  10 deep elf sorcerers
  A ghost moth (shapeshifter) (Depths:3)
  A frost giant (Vaults:5)
  An orc warlord (Vaults:4)
  An imperial myrmidon (Desolation)
  9 deep elf elementalists
  2 ghouls (Swamp:3)
  An angel (D:15)
  3 draconian scorchers
  18 vault wardens
  7 ghost moths
  7 war gargoyles
  2 formless jellyfish
  3 draconian stormcallers (Zot:5)
  A quicksilver ooze (shapeshifter) (Depths:3)
  22 ironbound preservers
  A broodmother (Spider:2)
  14 quicksilver oozes
  3 draconian shifters (Zot:5)
  A spriggan defender (Depths:2)
  10 stone giants
  8 ironbound thunderhulks
  7 green draconians
  6 deep elf demonologists
  27 very ugly things
  5 eleionomae
  Nessos (Lair:5)
  21 dire elephants
  2 vampire knights (Depths:4)
  4 black draconians
  9 deep elf annihilators
  4 purple draconians
  4 spark wasps
  3 bunyips
  2 halazid warlocks (Desolation)
  2 white draconians (Zot:5)
  2 red draconians
  3 yellow draconians
  4 eidola (Vaults:4)
  5 ettins
  2 blizzard demons (Depths:3)
  8 fire dragons
  6 deep elf high priests
  Josephine (Spider:1)
  5 crystal guardians
  2 ragged hierophants (Desolation)
  6 deep elf death magi
  2 shambling mangroves
  3 entropy weavers
  15 yaktaur captains
  12 great orbs of eyes
  A rakshasa (Depths:1)
  8 peacekeepers
  30 vault guards
  20 hydras
  8 servants of whispers (Desolation)
  Harold (D:9)
  A sphinx zombie (Vaults:2)
  4 ghost crabs
  3 jorogumos
  14 alligators
  An alligator snapping turtle (shapeshifter) (Depths:3)
  7 boulder beetles
  5 ogre magi
  8 radroaches
  6 spriggan air magi
  2 ice dragons
  7 ironbound frosthearts
  19 centaur warriors
  4 catoblepae
  A death knight (D:15)
  A boulder beetle (shapeshifter) (Depths:3)
  15 two-headed ogres
  2 deep troll earth magi
  35 dancing weapons
  3 tengu warriors
  A hell hog (Lair:5)
  6 death yaks (Lair:5)
  An occultist (Depths:2)
  8 spriggan berserkers
  A deep troll shaman (Depths:4)
  An orc high priest (Orc:2)
  9 demonic crawlers
  Sonja (Lair:5)
  8 hell knights
  A soul eater (Depths:2)
  2 skysharks (Lair:5)
  8 pharaoh ants
  2 iron trolls (Depths:4)
  3 skeletal warriors (D:14)
  2 flayed ghosts
  17 deep elf knights
  A sixfirhy (D:15)
  5 orb spiders
  A shadow wraith (Vaults:4)
  8 sun moths
  6 goliath frogs
  An orb spider (shapeshifter) (Vaults:5)
  2 spriggan druids (Swamp:4)
  A glowing orange brain (shapeshifter) (Depths:3)
  4 obsidian statues (Depths:3)
  A deep troll (shapeshifter) (Depths:3)
  A tengu zombie (Depths:1)
  15 deep elf archers
  49 deep trolls
  7 steelbarb worms
  12 glowing orange brains
  2 bog bodies
  A harpy (shapeshifter) (Depths:3)
  13 swamp dragons
  5 arcanists
  4 phantasmal warriors
  2 harpies
  16 ironbound convokers
  19 lindwurms
  7 orc knights
  27 deep elf zephyrmancers
  6 necromancers
  29 deep elf pyromancers
  3 orc sorcerers
  A frost giant zombie (Depths:1)
  22 ugly things
  17 wolf spiders
  4 manticores
  5 shining eyes
  2 will-o-the-wisps
  A cyclops (shapeshifter) (Depths:4)
  A manticore (shapeshifter) (Vaults:5)
  8 moths of wrath
  Joseph (D:9)
  7 cyclopes
  5 torpor snails
  7 black mambas
  24 elephants
  3 guardian serpents (Desolation)
  A black mamba (shapeshifter) (D:14)
  A frost giant skeleton (Depths:1)
  A water nymph (shapeshifter) (Vaults:5)
  24 vault sentinels
  An eye of devastation (shapeshifter) (Depths:1)
  An orange demon (Depths:1)
  11 cane toads
  2 molten gargoyles (Depths:3)
  3 eyes of devastation
  2 unseen horrors (D:11)
  3 gargoyles
  A kobold demonologist (D:13)
  5 rime drakes
  16 komodo dragons
  4 freezing wraiths
  A tormentor (D:10)
  A komodo dragon (shapeshifter) (Depths:3)
  21 yaktaurs
  5 tengu conjurers
  A polar bear (shapeshifter) (Elf:1)
  15 trolls
  A troll (shapeshifter) (Elf:1)
  A queen bee (shapeshifter) (D:15)
  A meliai (shapeshifter) (D:12)
  17 hornets
  24 tarantellas
  A bloated husk (Swamp:3)
  3 meliai
  A tengu simulacrum (Vaults:2)
  12 polar bears
  6 glass eyes
  45 saltlings
  21 blink frogs
  Prince Ribbit (D:5)
  8 raiju
  12 tyrant leeches
  A wind drake (shapeshifter) (Elf:1)
  2 snapping turtles (shapeshifter)
  62 slime creatures
  A fire giant simulacrum (Depths:1)
  A stone giant simulacrum (Vaults:2)
  12 air elementals
  A centaur simulacrum (D:13)
  12 culicivoras
  A culicivora (shapeshifter) (Depths:3)
  22 jumping spiders
  15 spriggans
  A shadow (D:11)
  6 water elementals
  18 humans (D:14)
  5 fire elementals (Depths:3)
  An elf zombie (Vaults:2)
  5 wraiths
  2 vampires
  7 wyverns
  31 yaks
  52 redbacks
  7 basilisks
  6 vampire mosquitoes
  3 steam dragons
  9 golden eyes
  Grum (D:11)
  6 wargs
  3 acid dragons (Lair:5)
  A human skeleton (Depths:1)
  13 hell hounds (Lair:5)
  17 swamp worms
  10 water moccasins
  3 ice beasts
  A glowing shapeshifter skeleton (Vaults:2)
  2 sky beasts
  13 swamp drakes
  10 orc warriors
  13 black bears
  34 wolves
  21 ogres
  3 centaurs (D:13)
  3 boggarts (Vaults:1)
  2 phantoms (D:5)
  5 kobold brigands
  11 bullfrogs
  3 scorpions
  3 gnoll sergeants
  16 earth elementals
  19 killer bees
  3 electric eels
  11 howler monkeys
  4 hounds
  10 orc priests
  5 jellies
  3 sleepcaps
  15 orc wizards
  8 iguanas
  7 hell rats (Lair:1)
  14 gnolls
  7 adders
  5 ufetubi
  8 worms
  3 dart slugs
  45 orcs
  5 ball pythons
  An endoplasm (D:3)
  5 goblins
  9 hobgoblins
  2 quokkas
  A bat (D:2)
  6 frilled lizards
  26 kobolds
  3 rats
  A ball lightning (Depths:3)
  14 butterflies (Vaults:4)
  A lurking horror (Zot:3)
2086 creatures vanquished.

Vanquished Creatures (collateral kills)
  A dread lich (Zot:5)
  An ancient lich (Zot:5)
  A golden dragon (Zot:5)
  A tentacled monstrosity (Zot:5)
  2 Orb Guardians (Zot:5)
  A white draconian (Zot:5)
  A purple draconian (Zot:5)
  A centaur warrior (D:13)
  A centaur (D:13)
10 creatures vanquished.

Vanquished Creatures (others)
  A dread lich (Zot:5)
  4 Orb Guardians (Zot:5)
  A draconian monk (Zot:5)
  2 eleionomae
  A green draconian (Zot:5)
  An alligator (Swamp:1)
  A spriggan druid (Swamp:3)
  A blink frog (shapeshifter) (Elf:3)
  A golden eye (Slime:5)
  7 ball lightnings (Depths:3)
  4 foxfires (Swamp:1)
24 creatures vanquished.

Grand Total: 2120 creatures vanquished

Table legend:
 A = Non-vault XP
 B = Vault XP
 C = Vault XP percentage of total XP
 D = Non-vault monster count
 E = Vault monster count
 F = Vault count percentage of total count
                 A         B        C        D         E       F
            +---------+---------+-------+---------+---------+-------
      Total |  612580 |  597594 |  49.4 |    1246 |     810 |  39.4
            +---------+---------+-------+---------+---------+-------
        D:1 |      18 |       2 |  10.0 |       9 |       1 |  10.0
        D:2 |      30 |       8 |  21.1 |      13 |       4 |  23.5
        D:3 |     147 |       0 |   0.0 |      14 |       0 |   0.0
        D:4 |      94 |      26 |  21.7 |      11 |       5 |  31.2
        D:5 |     602 |     273 |  31.2 |      15 |       2 |  11.8
        D:6 |     458 |       0 |   0.0 |      11 |       0 |   0.0
        D:7 |     899 |       0 |   0.0 |      10 |       0 |   0.0
        D:8 |     639 |       0 |   0.0 |      20 |       0 |   0.0
        D:9 |    2476 |    1350 |  35.3 |      42 |       2 |   4.5
       D:10 |    2135 |     785 |  26.9 |      21 |       4 |  16.0
       D:11 |    4700 |     761 |  13.9 |      30 |       6 |  16.7
       D:12 |    6497 |    2886 |  30.8 |      32 |       4 |  11.1
       D:13 |    3597 |    8910 |  71.2 |      12 |      15 |  55.6
       D:14 |    8138 |    9188 |  53.0 |      15 |      27 |  64.3
       D:15 |   15365 |    3529 |  18.7 |      24 |       4 |  14.3
     Lair:1 |    9906 |     452 |   4.4 |      46 |       2 |   4.2
     Lair:2 |    3270 |     925 |  22.1 |      15 |       4 |  21.1
     Lair:3 |    9876 |     879 |   8.2 |      39 |       3 |   7.1
     Lair:4 |    7513 |     178 |   2.3 |      22 |       4 |  15.4
     Lair:5 |   20952 |   16938 |  44.7 |      43 |      79 |  64.8
    Swamp:1 |    9029 |       0 |   0.0 |      19 |       0 |   0.0
    Swamp:2 |   12019 |       0 |   0.0 |      20 |       0 |   0.0
    Swamp:3 |   16835 |   12999 |  43.6 |      28 |      14 |  33.3
    Swamp:4 |   12886 |   18503 |  58.9 |      26 |      29 |  52.7
   Spider:1 |   16644 |   10703 |  39.1 |      43 |      16 |  27.1
   Spider:2 |   18437 |    3216 |  14.9 |      45 |       3 |   6.2
   Spider:3 |    8802 |    1349 |  13.3 |      19 |       1 |   5.0
   Spider:4 |   21116 |   20346 |  49.1 |      44 |      37 |  45.7
    Slime:1 |   15011 |       0 |   0.0 |      23 |       0 |   0.0
    Slime:2 |    9553 |       0 |   0.0 |      15 |       0 |   0.0
    Slime:4 |    4095 |       0 |   0.0 |       8 |       0 |   0.0
    Slime:5 |    9205 |   28272 |  75.4 |      12 |      24 |  66.7
      Orc:1 |    3724 |   10155 |  73.2 |      22 |      22 |  50.0
      Orc:2 |    2647 |    6362 |  70.6 |      27 |      15 |  35.7
      Elf:1 |   26950 |    4184 |  13.4 |      41 |       9 |  18.0
      Elf:2 |   14549 |    8735 |  37.5 |      23 |      11 |  32.4
      Elf:3 |   21921 |   45184 |  67.3 |      36 |      38 |  51.4
   Vaults:1 |   30990 |   23592 |  43.2 |      49 |      24 |  32.9
   Vaults:2 |   42558 |    8832 |  17.2 |      64 |      14 |  17.9
   Vaults:3 |   17775 |   24880 |  58.3 |      26 |      29 |  52.7
   Vaults:4 |   22122 |   27810 |  55.7 |      29 |      33 |  53.2
   Vaults:5 |   24639 |   95739 |  79.5 |      35 |      89 |  71.8
   Depths:1 |   38942 |   15101 |  27.9 |      38 |      15 |  28.3
   Depths:2 |   11932 |    5231 |  30.5 |      16 |       5 |  23.8
   Depths:3 |       0 |   60314 | 100.0 |       0 |     101 | 100.0
   Depths:4 |   37751 |   19189 |  33.7 |      40 |      17 |  29.8
      Zot:1 |    4540 |       0 |   0.0 |       4 |       0 |   0.0
      Zot:2 |    4106 |       0 |   0.0 |       2 |       0 |   0.0
      Zot:3 |    9882 |    3596 |  26.7 |       8 |       2 |  20.0
      Zot:4 |    4873 |       0 |   0.0 |       4 |       0 |   0.0
      Zot:5 |   41735 |   63368 |  60.3 |      36 |      29 |  44.6
 Desolation |       0 |   32844 | 100.0 |       0 |      67 | 100.0
            +---------+---------+-------+---------+---------+-------

Skill      XL: |  1  2  3  4  5  6  7  8  9 10 11 12 13 14 15 16 17 18 19 20 21 22 23 24 25 26 |
---------------+-------------------------------------------------------------------------------+-----
Unarmed Combat | 1 2 3 5 6 8 10 12 15 18 21 24 | 24.6
Fighting       | 3 4 5 7 8 11 13 16 17 18 20 21 | 21.1
Dodging        | 3 6 9 10 11 14 17 20 23 | 23.2
Evocations     | 5 |  5.0
Shields        | 5 |  5.0
Shapeshifting  | 1 7 10 14 17 19 22 23 25 27 | 27.0
Transmutations | 4 |  4.0
Short Blades   | |  2.0
Throwing       | |  2.0
Stealth        | |  5.3

Action                     |  1- 3 |  4- 6 |  7- 9 | 10-12 | 13-15 | 16-18 | 19-21 | 22-24 | 25-27 || total
---------------------------+-------+-------+-------+-------+-------+-------+-------+-------+-------++-------
  Melee: Dagger            |    53 |    82 |    65 |       |       |       |       |       |       ||   200
         Constrict         |    11 |    15 |    39 |    79 |   162 |   211 |    81 |       |       ||   598
         Tentacles         |     8 |    29 |    35 |    92 |       |       |       |       |       ||   164
         Punch             |       |     3 |    14 |    31 |       |       |    46 |   147 |    66 ||   307
         Unarmed           |       |       |   107 |   482 |   753 |   928 |   858 |   813 |   404 ||  4345
  Throw: Dart              |       |       |     1 |     1 |       |       |       |       |       ||     2
   Cast: Wereblood         |       |       |       |       |       |     1 |     7 |     6 |     2 ||    16
 Invoke: Call Merchant     |       |       |       |     1 |     1 |     3 |     1 |     4 |       ||    10
         Potion Petition   |       |       |       |       |       |       |     1 |     1 |     4 ||     6
         Bribe Branch      |       |       |       |       |       |       |       |       |     1 ||     1
  Evoke: Wand              |       |       |    11 |    28 |     2 |       |     3 |       |     1 ||    45
         Lightning rod     |       |       |     5 |    12 |     5 |     7 |     1 |       |       ||    30
    Use: Scroll            |     4 |     3 |    11 |    12 |    15 |     3 |     5 |     2 |    17 ||    72
         Potion            |       |     1 |     5 |     8 |     6 |       |     1 |       |    13 ||    34
   Stab: Sleeping          |    16 |     4 |     8 |     6 |    13 |    21 |    34 |    12 |     5 ||   119
         Distracted        |       |     1 |     2 |     6 |     7 |    20 |    10 |    17 |     7 ||    70
         Invisible         |       |       |     2 |    12 |       |       |       |       |       ||    14
         Paralysed         |       |       |       |       |       |       |       |       |     3 ||     3
 Armour: Skin              |     7 |    33 |   128 |   278 |   467 |   631 |   375 |   113 |    75 ||  2107
  Dodge: Dodged            |    15 |    36 |   126 |   245 |   370 |   511 |   451 |   544 |   284 ||  2582
  Block: Buckler           |       |       |       |    64 |       |       |       |       |       ||    64
         Other             |       |       |       |    31 |   204 |   236 |   163 |   127 |    67 ||   828
   Form: Serpent           |       |       |       |     1 |       |     1 |       |       |       ||     2
                           |       |       |       |       |       |     1 |       |       |       ||     1
         Storm             |       |       |       |       |       |       |     1 |       |       ||     1

Illustrated notes

Table legend:
 A = Kills in this place as a percentage of kills in the entire game.
 B = Kills by you in this place as a percentage of kills by you in the entire game.
 C = Kills by friends in this place as a percentage of kills by friends in the entire game.
 D = Other kills in this place as a percentage of other kills in the entire game.
 E = Experience gained in this place as a percentage of experience gained in the entire game.
 F = Experience gained in this place divided by the number of levels of this place that you have seen.
                   A       B       C       D       E      F
               +-------+-------+-------+-------+-------+----------------------
         Total | 100.0 | 100.0 | 100.0 | 100.0 | 100.0 | 22507.2
       Dungeon |  17.2 |  17.2 |  33.3 |   0.0 |   6.2 | 5053.6
          Lair |  12.4 |  12.5 |   0.0 |   0.0 |   5.8 | 14177.8
         Swamp |   6.6 |   6.4 |   0.0 |  66.7 |   6.8 | 20567.8
   Spider Nest |  10.1 |  10.1 |   0.0 |   0.0 |   8.3 | 25153.2
    Slime Pits |   4.0 |   4.0 |   0.0 |   0.0 |   5.4 | 13227.2
  Orcish Mines |   4.2 |   4.2 |   0.0 |   0.0 |   1.9 | 11444.0
   Elven Halls |   7.7 |   7.7 |   0.0 |   0.0 |  10.0 | 40507.7
        Vaults |  19.0 |  19.1 |   0.0 |   0.0 |  26.2 | 63787.4
        Depths |  11.5 |  11.6 |   0.0 |   0.0 |  15.7 | 47846.0
           Zot |   4.1 |   3.8 |  66.7 |  33.3 |  10.9 | 26420.0
    Desolation |   3.2 |   3.3 |   0.0 |   0.0 |   2.7 | 32844.0
               +-------+-------+-------+-------+-------+----------------------

Table legend: (Time is in decaauts)
 A = Elapsed time spent in this place.
 B = Non-inter-level travel time spent in this place.
 C = Inter-level travel time spent in this place.
 D = Time resting spent in this place.
 E = Time spent auto-exploring this place.
 F = Levels seen in this place.
 G = Mean time per level.
                   A        B        C        D        E       F      G
               +--------+--------+--------+--------+--------+-----+--------+
         Total |  57390 |  52956 |   4434 |   8842 |  33795 |  54 | 1062.8 |
       Dungeon |  17581 |  15686 |   1895 |   2461 |  10358 |  15 | 1172.1 |
        Temple |      3 |      3 |      0 |      0 |      0 |   1 |    3.0 |
          Lair |  10257 |   9244 |   1013 |   2212 |   5554 |   5 | 2051.4 |
         Swamp |   3524 |   3399 |    125 |    553 |   2290 |   4 |  881.0 |
   Spider Nest |   5573 |   5440 |    133 |   1364 |   3144 |   4 | 1393.2 |
    Slime Pits |   1095 |   1053 |     42 |    357 |    248 |   5 |  219.0 |
  Orcish Mines |   2387 |   2217 |    170 |    697 |   1149 |   2 | 1193.5 |
   Elven Halls |   2730 |   2504 |    226 |      0 |   1963 |   3 |  910.0 |
        Vaults |   8044 |   7646 |    398 |   1001 |   5073 |   5 | 1608.8 |
        Depths |   4218 |   3962 |    256 |     35 |   3143 |   4 | 1054.5 |
           Zot |   1171 |    999 |    172 |    129 |    391 |   5 |  234.2 |
    Desolation |    801 |    801 |      0 |     32 |    482 |   1 |  801.0 |
               +--------+--------+--------+--------+--------+-----+--------+

Top non-repeatable levels by time:
  Lair:1: 3201 daAuts
Vaults:1: 2377 daAuts
  Lair:5: 2141 daAuts
     D:9: 2015 daAuts
    D:11: 1969 daAuts
  Lair:4: 1951 daAuts
  Lair:3: 1912 daAuts
Spider:4: 1836 daAuts
Spider:1: 1814 daAuts
Vaults:2: 1645 daAuts
    D:14: 1541 daAuts
Vaults:5: 1534 daAuts
   Orc:1: 1468 daAuts
    D:10: 1383 daAuts
Vaults:3: 1373 daAuts
